 Seeded DCSS version 0.31-a0-521-gc7390f8997 (webtiles) character file.

Game seed: 17143295287354701534 (custom seed)

7951 innerfire43 the Martial Artist (level 11, -2/83 HPs)
             Began as a Gnoll Shapeshifter on Aug 10, 2023.
             Was a Priest of Okawaru.
             Slain by a yak (8 damage)
             ... on level 9 of the Dungeon.
             The game lasted 00:12:26 (10390 turns).

innerfire43 the Martial Artist (GnSh)              Turns: 10390, Time: 00:12:27

Health: -2/83      AC: 12    Str: 14    XL:     11   Next: 23%
Magic:  20/20      EV: 22    Int:  5    God:    Okawaru [***...]
Gold:   537        SH:  0    Dex: 22    Spells: 22/22 levels left

rFire   . .          .
                       - Unarmed
rCold   x . .        (shield currently unavailable)
rNeg    . . .        M - +3 leather armour {rPois}
rPois   +            F - +2 helmet
rElec   +            s - +1 cloak
rCorr   .            (no gloves)
SInv    +            (no boots)
Will    .....        (no amulet)
Stlth   +            n - ring of Tomorrow {Fly rElec rC- EV+5}
HPRegen 0.33/turn    k - ring "Eruh Jea" {Fly rPois Int-4 Dex+6 SInv}
MPRegen 0.17/turn

%: no passive effects
@: confused, flux-form, ambrosia-drunk, flying, glowing
A: glow, contaminating, fangs 1, strong nose, distributed training
a: Begin Untransformation, Renounce Religion, Heroism


You were on level 9 of the Dungeon.
You worshipped Okawaru.
Okawaru was most pleased with you.
You were something dangerously unstable.
You visited 1 branch of the dungeon, and saw 10 of its levels.

You collected 537 gold pieces.

Inventory:

Hand Weapons
 J - the +6 morningstar "Okeepn" {freeze, Contam rF++ rCorr}
   (You found it on level 8 of the Dungeon)

   rF++:      It greatly protects you from fire.
   Contam:    It causes magical contamination when unequipped.
   rCorr:     It protects you from acid and corrosion.
Missiles
 b - 2 throwing nets
 L - 2 silver javelins
Armour
 a - a +0 animal skin
 s - a +1 cloak (worn)
 F - a +2 helmet (worn)
 M - a +3 leather armour of poison resistance (worn)
Jewellery
 k - the ring "Eruh Jea" (right hand) {Fly rPois Int-4 Dex+6 SInv}
   (You acquired it on level 3 of the Dungeon)

   [ring of flight]

   Int-4:     It affects your intelligence (-4).
   Dex+6:     It affects your dexterity (+6).
   rPois:     It protects you from poison SInv: It lets you see invisible.
   Fly:       It grants you flight.
 n - the ring of Tomorrow (left hand) {Fly rElec rC- EV+5}
   (You found it on level 3 of the Dungeon)

   [ring of evasion]

   EV+5:      It affects your evasion (+5).
   rC-:       It makes you vulnerable to cold.
   rElec:     It insulates you from electricity.
   Fly:       It grants you flight.
 t - a ring of poison resistance
 x - a ring of wizardry
 A - a +6 ring of intelligence
 H - a ring of resist corrosion
 I - a ring of magical power
 K - the ring of Bitirixt {Int+3 Dex+6}
   (You took it off an orc knight on level 8 of the Dungeon)

   [ring of dexterity]

   Int+3:     It affects your intelligence (+3).
   Dex+6:     It affects your dexterity (+6).
Talismans
 c - a beast talisman
 d - a flux talisman (active)
Wands
 l - a wand of mindburst (19)
 q - a wand of charming (10)
 N - a wand of flame (19)
 O - a wand of iceblast (6)
Scrolls
 e - 6 scrolls of teleportation
 h - a scroll of identify
 i - 2 scrolls of blinking
 j - 2 scrolls of noise
 p - a scroll of amnesia
 r - a scroll of immolation
 w - 3 scrolls of fog
 y - a scroll of enchant armour
 B - 3 scrolls of poison
Potions
 g - 2 potions of attraction {unknown}
 m - 4 potions of haste {unknown}
 o - a potion of heal wounds {unknown}
 u - a potion of enlightenment {unknown}
 C - 3 potions of curing
 D - 3 potions of brilliance
 G - a potion of lignification
 P - 2 potions of cancellation


   Skills:
 + Level 6.8 Fighting
 + Level 6.2 Short Blades
 + Level 6.2 Long Blades
 + Level 6.2 Axes
 + Level 6.2 Maces & Flails
 + Level 6.2 Polearms
 + Level 6.2 Staves
 + Level 6.2 Ranged Weapons
 + Level 6.2 Throwing
 + Level 6.2 Armour
 + Level 7.8 Dodging
 + Level 6.2 Stealth
 + Level 6.2 Shields
 + Level 9.1 Unarmed Combat
 + Level 6.2 Spellcasting
 + Level 5.1 Conjurations
 + Level 5.1 Hexes
 + Level 5.1 Summonings
 + Level 5.1 Necromancy
 + Level 5.1 Translocations
 + Level 5.1 Transmutations
 + Level 5.1 Fire Magic
 + Level 5.1 Ice Magic
 + Level 5.1 Air Magic
 + Level 5.1 Earth Magic
 + Level 5.1 Poison Magic
 + Level 6.8 Invocations
 + Level 6.2 Evocations
 + Level 8.4 Shapeshifting


You had 22 spell levels left.
You didn't know any spells.
Your spell library contained the following spells:

 Spells                   Type           Power      Damage    Failure   Level
 Cigotuvi's Dreadful Rot  Necr/Pois/Air  12%        N/A       6%          2
 Ignite Poison            Fire/Tmut/Pois 6%         N/A       13%         3
 Dispel Undead            Necr           6%         3d8       38%         4
 Freezing Cloud           Conj/Ice/Air   3%         6-21      75%         5
 Death Channel            Necr           Unusable   N/A       N/A         6

Dungeon Overview and Level Annotations

Branches:
Dungeon (10/15)            Temple (0/1) D:4             Orc (0/2) D:9
   Lair: D:8-11

Altars:
Ashenzari
Kikubaaqudgha
Makhleb
Okawaru
Qazlal
Ru
The Shining One
Lugonu

Shops:
D:9 ((

Portals:
Abyss: D:1


Innate Abilities, Weirdness & Mutations

You are something dangerously unstable.
You glow with magical radiation, making you easy to see and hit.
Foes you strike become dangerously contaminated with magical radiation.
You are incapable of wielding weapons or throwing items.
You have very sharp teeth.
Your uncanny sense of smell can sniff out nearby items.
Your experience applies equally to all skills.


Message History

The troll claws you.
The orc wizard gestures at you while chanting.
The puff of flame hits you. The orc warrior closely misses you.
The yak gores you but does no damage. The troll bites you!
The troll closely misses you. The troll completely misses you.
A warg comes into view.
There is a stone staircase leading up, spattered with blood here.
The orc wizard completely misses you. The troll completely misses you.
The troll claws you! The troll claws you but does no damage.
The orc warrior completely misses you. The yak misses you.
You fly upwards.
There is a stone staircase leading down here.
You closely miss the troll. The troll barely misses you. x2
The troll claws you. The yak gores you!
The orc warrior hits you with a +0 battleaxe.
Unknown command.
You closely miss the troll. The troll bites you!
* * * LOW HITPOINT WARNING * * *
The troll completely misses you. The troll closely misses you.
The yak completely misses you. The orc warrior misses you.
You punch the troll!
The troll begins to glow.
The troll is moderately wounded.
You are confused.
You feel invigorated. The troll misses you.
The troll claws you but does no damage. The troll closely misses you.
The yak barely misses you.
The orc warrior hits you with a +0 battleaxe!
* * * LOW HITPOINT WARNING * * *
The orc wizard casts a spell.
The orc wizard flickers and vanishes for a moment.
You hit the troll.
The troll glows dangerously bright.
The troll is moderately wounded.
The troll bites you!
* * * LOW HITPOINT WARNING * * *
The troll misses you. x2; The yak misses you.
The orc warrior misses you.
You completely miss the troll.
The troll is moderately wounded.
The troll completely misses you. The troll closely misses you.
The troll misses you. The yak gores you!
You die...

.................# ##........#
.................# ##.........#
...∩.............###..........#
...............#.##...........#
.....####.######..............#
.....###..### #............####
##..........###.####......##
####........##.Y###..[....#
...............oBTo[.....)##
####...........####........#
#.........#.# ##.......#
#........#..# ##......#
#..[....############....#
####.......#.......#.......#
..#........#.......####....###
...........#...≈.†.#.........#
...........#..≈≈≈).'.........#


You could see a yak, a troll (heavy contam), an orc warrior and an orc wizard
(invisible).

Vanquished Creatures
  A centaur warrior (D:8)
  An orc knight (D:8)
  An ugly thing (D:8)
  A cyclops (D:8)
  2 hornets
  Prince Ribbit (D:5)
  A shadow (D:9)
  A yak (D:8)
  Edmund (D:6)
  3 water moccasins
  3 ice beasts
  5 orc warriors
  2 sky beasts
  3 black bears
  2 ogres
  A centaur (D:7)
  A phantom (D:5)
  2 kobold brigands
  6 bullfrogs
  6 scorpions
  14 wights
  12 killer bees (D:8)
  5 howler monkeys
  2 crimson imps (D:1)
  A quasit (D:1)
  5 hounds
  2 jellies
  Crazy Yiuf (D:3)
  3 orc priests
  An iguana (D:4)
  An iron imp (D:1)
  A sleepcap (D:5)
  Ijyb (D:3)
  7 orc wizards
  3 gnolls (D:7)
  7 adders
  7 shadow imps
  6 white imps
  2 ufetubi
  A worm (D:3)
  30 orcs
  3 ball pythons
  4 endoplasms
  2 giant cockroaches (D:1)
  5 goblins
  9 hobgoblins
  4 jackals (D:5)
  7 quokkas
  4 bats (D:1)
  4 frilled lizards
  11 kobolds
  6 rats
215 creatures vanquished.

Notes
Turn   | Place    | Note
-------+----------+-------------------------------------------
     0 | D:1      | innerfire43 the Gnoll Shapeshifter began the quest for the
                  | Orb.
     0 | D:1      | Reached XP level 1. HP: 17/17 MP: 1/1
   118 | D:1      | Found a large runed translucent door.
   118 | D:1      | Found a large runed translucent door.
   118 | D:1      | Found a one-way gate to the infinite horrors of the Abyss.
   119 | D:1      | Noticed a crimson imp
   120 | D:1      | Noticed a quasit
   129 | D:1      | Found a corrupted altar of Lugonu.
   130 | D:1      | Noticed an iron imp
   130 | D:1      | Noticed a crimson imp
   307 | D:1      | Reached XP level 2. HP: 23/23 MP: 2/2
   871 | D:1      | Reached XP level 3. HP: 25/28 MP: 3/3
  1132 | D:1      | Reached skill level 1 in Short Blades
  1132 | D:1      | Reached skill level 1 in Long Blades
  1132 | D:1      | Reached skill level 1 in Axes
  1132 | D:1      | Reached skill level 1 in Maces & Flails
  1132 | D:1      | Reached skill level 1 in Polearms
  1132 | D:1      | Reached skill level 1 in Staves
  1132 | D:1      | Reached skill level 1 in Ranged Weapons
  1132 | D:1      | Reached skill level 1 in Throwing
  1132 | D:1      | Reached skill level 1 in Armour
  1132 | D:1      | Reached skill level 1 in Stealth
  1132 | D:1      | Reached skill level 1 in Shields
  1132 | D:1      | Reached skill level 1 in Spellcasting
  1132 | D:1      | Reached skill level 1 in Invocations
  1132 | D:1      | Reached skill level 1 in Evocations
  1132 | D:1      | Reached XP level 4. HP: 15/34 MP: 3/5
  1155 | D:1      | Reached skill level 1 in Conjurations
  1155 | D:1      | Reached skill level 1 in Hexes
  1155 | D:1      | Reached skill level 1 in Summonings
  1155 | D:1      | Reached skill level 1 in Necromancy
  1155 | D:1      | Reached skill level 1 in Translocations
  1155 | D:1      | Reached skill level 1 in Transmutations
  1155 | D:1      | Reached skill level 1 in Fire Magic
  1155 | D:1      | Reached skill level 1 in Ice Magic
  1155 | D:1      | Reached skill level 1 in Air Magic
  1155 | D:1      | Reached skill level 1 in Earth Magic
  1155 | D:1      | Reached skill level 1 in Poison Magic
  1174 | D:1      | Reached XP level 5. HP: 9/40 MP: 5/7
  1396 | D:2      | Reached XP level 6. HP: 47/47 MP: 8/8
  1501 | D:2      | Found a burning altar of Makhleb.
  2536 | D:3      | Found a runed translucent door.
  2537 | D:3      | Noticed Crazy Yiuf
  2700 | D:3      | Identified the ring of Tomorrow {Fly rElec rC- EV+5}
  2748 | D:3      | Found a burning altar of Makhleb.
  2879 | D:3      | Noticed Ijyb
  2887 | D:3      | Killed Ijyb
  2888 | D:3      | Reached skill level 5 in Dodging
  3144 | D:3      | Killed Crazy Yiuf
  3239 | D:3      | Identified a scroll of acquirement
  3239 | D:3      | Acquired the ring "Eruh Jea" {Fly rPois Int-4 Dex+6 SInv}
  3586 | D:4      | Reached skill level 7 in Unarmed Combat
  3586 | D:4      | Reached XP level 7. HP: 47/52 MP: 10/10
  3636 | D:4      | Found a sacrificial altar of Ru.
  3744 | D:4      | Found an ancient bone altar of Kikubaaqudgha.
  3744 | D:4      | Found a glowing golden altar of the Shining One.
  3801 | D:4      | Found a staircase to the Ecumenical Temple.
  4288 | D:5      | Entered Level 5 of the Dungeon
  4679 | D:5      | Reached XP level 8. HP: 60/60 MP: 12/12
  5145 | D:5      | Noticed Prince Ribbit
  5155 | D:5      | Killed Prince Ribbit
  5389 | D:6      | Noticed Edmund
  5400 | D:6      | Killed Edmund
  5589 | D:6      | Reached XP level 9. HP: 56/66 MP: 14/14
  5677 | D:6      | Found a broken altar of Ashenzari.
  6024 | D:6      | Found an iron altar of Okawaru.
  6211 | D:6      | Reached skill level 5 in Fighting
  6504 | D:6      | Became a worshipper of Warmaster Okawaru
  6749 | D:7      | Reached skill level 8 in Unarmed Combat
  6905 | D:7      | Reached skill level 5 in Invocations
  7041 | D:7      | Reached * piety under Okawaru
  7342 | D:7      | Reached XP level 10. HP: 73/75 MP: 17/17
  8054 | D:8      | Reached skill level 5 in Short Blades
  8054 | D:8      | Reached skill level 5 in Long Blades
  8054 | D:8      | Reached skill level 5 in Axes
  8054 | D:8      | Reached skill level 5 in Maces & Flails
  8054 | D:8      | Reached skill level 5 in Polearms
  8054 | D:8      | Reached skill level 5 in Staves
  8054 | D:8      | Reached skill level 5 in Ranged Weapons
  8054 | D:8      | Reached skill level 5 in Throwing
  8054 | D:8      | Reached skill level 5 in Armour
  8054 | D:8      | Reached skill level 5 in Stealth
  8054 | D:8      | Reached skill level 5 in Shields
  8054 | D:8      | Reached skill level 5 in Spellcasting
  8054 | D:8      | Reached skill level 5 in Evocations
  8495 | D:8      | Reached ** piety under Okawaru
  8902 | D:8      | Identified the +6 morningstar "Okeepn" {freeze, Contam rF++
                  | rCorr}
  8934 | D:8      | Noticed a cyclops
  8941 | D:8      | Killed a cyclops
  9192 | D:8      | Identified the ring of Bitirixt {Int+3 Dex+6}
  9192 | D:8      | Noticed an orc knight
  9195 | D:8      | Noticed a brown ugly thing
  9203 | D:8      | Noticed a centaur warrior
  9217 | D:8      | Killed a brown ugly thing
  9217 | D:8      | Reached *** piety under Okawaru
  9227 | D:8      | Killed a centaur warrior
  9228 | D:8      | Reached skill level 9 in Unarmed Combat
  9228 | D:8      | Reached XP level 11. HP: 36/83 MP: 19/19
  9229 | D:8      | Killed an orc knight
  9229 | D:8      | Received a gift from Okawaru
  9230 | D:8      | Reached skill level 5 in Conjurations
  9230 | D:8      | Reached skill level 5 in Hexes
  9230 | D:8      | Reached skill level 5 in Summonings
  9230 | D:8      | Reached skill level 5 in Necromancy
  9230 | D:8      | Reached skill level 5 in Translocations
  9230 | D:8      | Reached skill level 5 in Transmutations
  9230 | D:8      | Reached skill level 5 in Fire Magic
  9230 | D:8      | Reached skill level 5 in Ice Magic
  9230 | D:8      | Reached skill level 5 in Air Magic
  9230 | D:8      | Reached skill level 5 in Earth Magic
  9230 | D:8      | Reached skill level 5 in Poison Magic
  9820 | D:9      | Found a staircase to the Orcish Mines.
  9864 | D:9      | Found Owyotoz's Weapon Shoppe.
  9933 | D:9      | Found Ufumak's Weapon Emporium.
 10086 | D:9      | Found a stormy altar of Qazlal.
 10352 | D:10     | Entered Level 10 of the Dungeon
 10389 | D:9      | HP: 3/83 [troll (12)]
 10390 | D:9      | Slain by a yak

Illustrated notes

Levels and vault maps discovered:
D:1:      erik_arrival_cave_to_civilisation [erik_arrival_cave_to_temple],
          layout_basic, roderic_lattice_a, minmay_indecisive_spiral
D:2:      layout_basic, basic_altar
D:3:      layout_basic, amcnicky_altar_gilded, uniq_ijyb,
          uniq_crazy_yiuf_cottage
D:4:      kb_forest_paths, layout_gridville, nicolae_ru_awakened_eye,
          mainiacjoe_overflow_divided_tiny, temple_fountains
D:5:      layout_basic, uniq_prince_ribbit1
D:6:      layout_loops_cross, marbit_many_paths, lemuel_doored_altar,
          uniq_edmund
D:7:      layout_basic
D:8:      nzn_winding_woodlands_cross [nzn_winding_woodlands_5x15_lazy_stream,
          nzn_winding_woodlands_5x15_longhouse,
          nzn_winding_woodlands_5x15_default, nzn_winding_woodlands_5x15_cabin,
          nzn_winding_woodlands_15x15_boxy_spiral], layout_basic
D:9:      layout_rooms, mainiacjoe_overflow_tiny_flanked,
          minmay_orc_entry_temple_small, serial_shops, shop, shop,
          kennysheep_generic_room_8
D:10:     layout_irregular_city, elyvilon_altar_3, erik_lair_orcish_takeover

Skill      XL: |  1  2  3  4  5  6  7  8  9 10 11 |
---------------+----------------------------------+-----
Short Blades   | 1 2 3 4 5 6 |  6.2
Long Blades    | 1 2 3 4 5 6 |  6.2
Axes           | 1 2 3 4 5 6 |  6.2
Maces & Flails | 1 2 3 4 5 6 |  6.2
Polearms       | 1 2 3 4 5 6 |  6.2
Staves         | 1 2 3 4 5 6 |  6.2
Ranged Weapons | 1 2 3 4 5 6 |  6.2
Throwing       | 1 2 3 4 5 6 |  6.2
Armour         | 1 2 3 4 5 6 |  6.2
Stealth        | 1 2 3 4 5 6 |  6.2
Shields        | 1 2 3 4 5 6 |  6.2
Spellcasting   | 1 2 3 4 5 6 |  6.2
Invocations    | 1 2 3 4 5 6 |  6.8
Evocations     | 1 2 3 4 5 6 |  6.2
Conjurations   | 1 2 3 4 5 |  5.1
Hexes          | 1 2 3 4 5 |  5.1
Summonings     | 1 2 3 4 5 |  5.1
Necromancy     | 1 2 3 4 5 |  5.1
Translocations | 1 2 3 4 5 |  5.1
Transmutations | 1 2 3 4 5 |  5.1
Fire Magic     | 1 2 3 4 5 |  5.1
Ice Magic      | 1 2 3 4 5 |  5.1
Air Magic      | 1 2 3 4 5 |  5.1
Earth Magic    | 1 2 3 4 5 |  5.1
Poison Magic   | 1 2 3 4 5 |  5.1
Fighting       | 3 4 5 6 |  6.8
Dodging        | 5 6 7 |  7.8
Unarmed Combat | 7 8 9 |  9.1
Shapeshifting  | 7 8 |  8.4

Action                     |  1- 3 |  4- 6 |  7- 9 | 10-12 || total
---------------------------+-------+-------+-------+-------++-------
  Melee: Unarmed           |    63 |   168 |   266 |   361 ||   858
         Bite              |     6 |    19 |    49 |    58 ||   132
         Punch             |       |     3 |       |       ||     3
 Invoke: Heroism           |       |       |       |     2 ||     2
    Use: Potion            |       |     2 |       |     1 ||     3
         Scroll            |       |     3 |       |    13 ||    16
   Stab: Sleeping          |       |       |     3 |     2 ||     5
         Distracted        |       |       |       |     1 ||     1
 Armour: Animal skin       |     9 |    12 |    18 |    30 ||    69
         Skin              |       |    16 |       |       ||    16
         Leather armour    |       |       |       |    14 ||    14
  Dodge: Dodged            |    45 |    84 |   216 |   343 ||   688
   Form: Flux              |     1 |       |       |     1 ||     2
         Beast             |       |       |       |     1 ||     1

Table legend: (Time is in decaauts)
 A = Elapsed time spent in this place.
 B = Non-inter-level travel time spent in this place.
 C = Inter-level travel time spent in this place.
 D = Time resting spent in this place.
 E = Time spent auto-exploring this place.
 F = Levels seen in this place.
 G = Mean time per level.
                   A        B        C        D        E       F      G
               +--------+--------+--------+--------+--------+-----+--------+
         Total |  10244 |   9846 |    398 |      0 |   8356 |  10 | 1024.4 |
       Dungeon |  10244 |   9846 |    398 |      0 |   8356 |  10 | 1024.4 |
               +--------+--------+--------+--------+--------+-----+--------+

Top non-repeatable levels by time:
     D:8: 1628 daAuts
     D:7: 1400 daAuts
     D:1: 1341 daAuts
     D:6: 1250 daAuts
     D:2: 1070 daAuts
     D:5: 1062 daAuts
     D:4: 1038 daAuts
     D:3: 788 daAuts
     D:9: 656 daAuts
    D:10: 8 daAuts
